 Dungeon Crawl Stone Soup version 0.24-a0-284-g9fb9971 (webtiles) character file.

Game seed: 12918595080591474476

37 Ijustatesigmund the Skirmisher (level 3, 0/26 HPs)
             Began as an Octopode Fighter on May 6, 2019.
             Slain by a goblin
             ... wielding a +0 dagger
             ... led by Robin
              (3 damage)
             ... on level 2 of the Dungeon.
             The game lasted 00:01:30 (1058 turns).

Ijustatesigmund the Skirmisher (Octopode Fighter)   Turns: 1058, Time: 00:01:31

Health: 0/26       AC:  1    Str: 13    XL:     3   Next: 39%
Magic:  3/3        EV: 12    Int: 10    God:
Gold:   26         SH:  8    Dex: 12    Spells: 2/2 levels left

rFire    . . .     SeeInvis .   a - +0 flail
rCold    . . .     Gourm    .   b - +0 shield
rNeg     . . .     Faith    .   (helmet restricted)
rPois    .         Spirit   .   (no amulet)
rElec    .         Reflect  .   f - -2 ring of strength (curse)
rCorr    .         Harm     .   (no ring)
MR       .....                  (no ring)
Stlth    ++........             (no ring)
HPRegen  0.08/turn              (no ring)
MPRegen  0.08/turn              (no ring)
                                (no ring)
                                (no ring)

@: no status effects
A: almost no armour, stealthy swim, amphibious, 8 rings, constrict 8, camouflage
1, gelatinous body 1
a: no special abilities


You were on level 2 of the Dungeon.
You were hungry.

You visited 1 branch of the dungeon, and saw 2 of its levels.

You collected 26 gold pieces.

Inventory:

Hand Weapons
 a - a +0 flail (weapon)
Armour
 b - a +0 shield (worn)
Jewellery
 f - a cursed -2 ring of strength (left tentacle)
 k - an uncursed amulet of harm {unknown}
Scrolls
 g - a scroll of teleportation {unknown}
 i - a scroll of blinking {unknown}
Potions
 c - a potion of might
 e - a potion of haste {unknown}
 h - 2 potions of agility {unknown}
 j - 2 potions of curing {unknown}
Comestibles
 d - 4 rations


   Skills:
 + Level 3.3 Fighting
 * Level 2.8 Maces & Flails
 + Level 3.3 Dodging
 + Level 3.2 Shields


You had 2 spell levels left.
You didn't know any spells.
Your spell library was empty.

Dungeon Overview and Level Annotations

Branches:
Dungeon (2/15)

Altars:


Innate Abilities, Weirdness & Mutations

You cannot wear most types of armour.
You are very stealthy in the water. (Stealth+)
You are amphibious.
You can wear up to eight rings at the same time.
You can use your tentacles to constrict eight enemies at once.
Your skin changes colour to match your surroundings (Stealth+).
Your rubbery body absorbs attacks. (AC +1, EV +1)


Message History

You constrict the kobold. You block the kobold's attack.
You block the goblin's attack. The kobold misses you.
You hit the goblin. Your grab misses the goblin.
The goblin is moderately wounded.
You constrict the kobold. You block the goblin's attack. The kobold hits you.
You block the goblin's attack.
You sock the kobold!
You kill the kobold!
The goblin hits you with a +0 dagger.
* * * LOW HITPOINT WARNING * * *
You closely miss the goblin. Your grab misses the goblin.
The goblin is moderately wounded.
The goblin hits you with a +0 dagger.
* * * LOW HITPOINT WARNING * * *
You closely miss the goblin. Your grab misses the goblin.
Your squeeze misses the goblin.
The goblin is moderately wounded.
You are feeling hungry.
The goblin hits you with a +0 dagger.
You die...

=. .. .
..## .. .#.
...
..####..#
......#
#)...###.
#@g......
#)#...##.
... .....
..... ....
....... ..#
#........
.#
#.........
.
#..........


You could see a goblin.

Vanquished Creatures
  2 dart slugs (D:1)
  2 giant cockroaches (D:1)
  6 goblins
  8 hobgoblins (D:1)
  A kobold (D:2)
  2 ball pythons (D:1)
  3 bats (D:1)
  4 rats (D:1)
28 creatures vanquished.

Notes
Turn   | Place    | Note
-------+----------+-------------------------------------------
     0 | D:1      | Ijustatesigmund the Octopode Fighter began the quest for
                  | the Orb.
     0 | D:1      | Reached XP level 1. HP: 16/16 MP: 1/1
   197 | D:1      | Reached XP level 2. HP: 21/21 MP: 2/2
   534 | D:1      | Reached XP level 3. HP: 19/26 MP: 3/3
  1058 | D:2      | Slain by a goblin

Levels and vault maps discovered:
D:1:      dpeg_chamrin_arrival_tetris, layout_basic
D:2:      layout_rooms, lemuel_crystal_altar, uniq_robin

Action                   || total
-------------------------++-------
Melee: Flail             ||    53
       Constrict         ||    17
       Tentacles         ||    10
 Stab: Sleeping          ||     3
Armor: Skin              ||     3
Dodge: Dodged            ||    27
Block: Shield            ||    33

Table legend:
 A = Non-vault XP
 B = Vault XP
 C = Vault XP percentage of total XP
 D = Non-vault monster count
 E = Vault monster count
 F = Vault count percentage of total count
                 A         B        C        D         E       F
            +---------+---------+-------+---------+---------+-------
      Total |      35 |      18 |  34.0 |      19 |       9 |  32.1
            +---------+---------+-------+---------+---------+-------
        D:1 |      33 |      14 |  29.8 |      18 |       7 |  28.0
        D:2 |       2 |       4 |  66.7 |       1 |       2 |  66.7
            +---------+---------+-------+---------+---------+-------
